 Dungeon Crawl Stone Soup version 0.32-a0-975-g85d4e5bfdb (webtiles) character file.

Game seed: 8431829177882183451

86 IdlyInterested the Twirler (level 4, -7/33 HPs)
             Began as a Demonspawn Gladiator on Apr 11, 2024.
             Mangled by Natasha (9 damage)
             ... on level 2 of the Dungeon on Apr 18, 2024.
             The game lasted 00:05:31 (2081 turns).

IdlyInterested the Twirler (Demonspawn Gladiator)   Turns: 2081, Time: 00:05:31

Health: -7/33      AC:  0    Str: 14    XL:     4   Next: 26%
Magic:  4/4        EV: 20    Int: 10    God:
Gold:   97         SH:  0    Dex: 20    Spells: 3/3 levels left

rFire   . . .        a - melded +0 quarterstaff
rCold   . . .        (shield currently unavailable)
rNeg    . . .        g - melded +0 ring mail
rPois   .            c - melded +0 helmet
rElec   .            (cloak currently unavailable)
rCorr   .            (gloves currently unavailable)
SInv    .            (boots currently unavailable)
Will    .....        (no amulet)
Stlth   ++           (ring currently unavailable)
HPRegen 0.25/turn    (ring currently unavailable)
MPRegen 0.09/turn

%: no passive effects
@: bat-form, flying, very quick
A: fast, flying, no casting, tiny, powered by pain 1
a: no special abilities


You were on level 2 of the Dungeon.
You were a bat.
You visited 1 branch of the dungeon, and saw 2 of its levels.

You collected 97 gold pieces.

Inventory:

Hand Weapons
 a - a +0 quarterstaff (melded)
 b - a +0 dagger
 l - a +0 spear
 q - a +0 morningstar
Missiles
 d - 3 throwing nets
 e - a javelin
 h - 21 stones (quivered)
Armour
 c - a +0 helmet (melded)
 g - a +0 ring mail (melded)
 r - a +0 scale mail
Wands
 k - a wand of polymorph (6)
Scrolls
 f - a scroll of brand weapon {unknown}
 i - a scroll of enchant weapon {unknown}
 j - a scroll of identify {unknown}
 m - a scroll of teleportation {unknown}
 o - a scroll of torment {unknown}
 p - a scroll of vulnerability {unknown}


   Skills:
 - Level 2.0 Fighting
 + Level 3.8 Staves
 - Level 2.0 Throwing
 * Level 1.1 Armour
 - Level 3.0 Dodging
 - Level 1.0 Stealth
 - Level 1.0 Evocations


You had 3 spell levels left.
You didn't know any spells.
Your spell library was empty.

Dungeon Overview and Level Annotations

Branches:
Dungeon (2/15)

Altars:

Shops:
D:2 :

Annotations:
D:2 Natasha


Innate Abilities, Weirdness & Mutations

You are a bat.
You are tiny and dextrous.
You move quickly.
You are flying.
Your equipment is almost entirely melded.
You are incapable of wielding weapons or throwing items.
You cannot cast spells.
You sometimes gain a little power by taking damage.


Message History

You completely miss Natasha.
Natasha is moderately wounded.
Natasha zaps a wand.
You turn into a bat.
Your +0 quarterstaff melds into your body.
Your +0 helmet melds into your body.
Your +0 ring mail melds into your body.
The cerulean imp hits you from afar with a +1 spear.
Natasha stares at you and mumbles some strange words.
The magic dart hits you! The cerulean imp barely misses you.
You closely miss Natasha.
Natasha is moderately wounded.
Natasha closely misses you.
The cerulean imp hits you from afar with a +1 spear.
You hit Natasha but do no damage.
Natasha is moderately wounded.
Natasha claws you.
* * * LOW HITPOINT WARNING * * *
The cerulean imp hits you from afar with a +1 spear.
* * * LOW HITPOINT WARNING * * *
Natasha casts a spell.
The cerulean imp disappears in a puff of smoke!
Natasha closely misses you.
The cerulean imp attacks as it pursues you!
The cerulean imp completely misses you. The cerulean imp misses you.
There is a stone staircase leading up here.
Natasha mumbles some strange words.
Natasha's front paws start to glow.
It was a potion of lignification.
You feel woody for a moment.
You feel yourself speed up. Natasha barely misses you.
The cerulean imp hits you from afar with a +1 spear.
* * * LOW HITPOINT WARNING * * *
Natasha completely misses you.
You hit Natasha.
Natasha is heavily wounded.
The cerulean imp closely misses you.
You closely miss Natasha.
Natasha is heavily wounded.
Natasha claws you!
You die...
Natasha curls up and begins to purr.

#.### ##.....## #
###.#.######.......## ##
#........##.........####.
#.#...[...ยง.........'....
#.#....#.##.........####.
#.#...##<###.......## ##
#.##.###5# ##.....## #
#.##.# #h# ##...## #
#.##.###b# ##'## #
#......).# ####.###### #
####.##### #.........# #
#.# #.##.####.# #.#
####.#...###.# #.#
#.....>...##.# ##.##
#.##.#...###.####
#...###.##.##.## #.....
#..........##.# ######


You could see Natasha and a cerulean imp (summoned).

Vanquished Creatures
  Natasha (D:2)
  Terence (D:2)
  A dart slug (D:1)
  5 endoplasms
  5 goblins (D:1)
  2 hobgoblins
  2 jackals (D:1)
  2 bats
  3 frilled lizards
  6 kobolds
  9 rats
37 creatures vanquished.

Notes
Turn   | Place    | Note
-------+----------+-------------------------------------------
     0 | D:1      | IdlyInterested the Demonspawn Gladiator began the quest for
                  | the Orb.
     0 | D:1      | Reached XP level 1. HP: 16/16 MP: 1/1
     0 | D:1      | Upgraded the game from 0.32-a0-918-g0f22ef8d61 to
                  | 0.32-a0-975-g85d4e5bfdb
   169 | D:1      | Gained mutation: You sometimes gain a little power by
                  | taking damage. [demonic ancestry]
   169 | D:1      | Reached XP level 2. HP: 10/22 MP: 2/2
   561 | D:1      | Found a faded altar of an unknown god.
   655 | D:1      | Reached skill level 1 in Armour
   835 | D:1      | Reached XP level 3. HP: 27/27 MP: 3/3
   984 | D:2      | Noticed Natasha
   990 | D:2      | Killed Natasha
   991 | D:2      | Reached skill level 1 in Stealth
  1194 | D:2      | Noticed Terence
  1204 | D:2      | Killed Terence
  1205 | D:2      | Reached skill level 1 in Evocations
  1205 | D:2      | Reached XP level 4. HP: 23/33 MP: 4/4
  1703 | D:2      | Found Wisus's Vocational Training.
  2064 | D:2      | Noticed Natasha
  2073 | D:2      | HP: 1/33 [cerulean imp/+1 spear[Natasha] (5)]
  2079 | D:2      | HP: 1/33 [cerulean imp/+1 spear[Natasha] (1)]
  2081 | D:2      | Mangled by Natasha

Illustrated notes

Levels and vault maps discovered:
D:1:      minmay_arrival_five_plusses, layout_basic,
          shapermc_ecumenical_altar_flowoftime
D:2:      layout_loops_corners, nicolae_shop_vocational, uniq_terence,
          uniq_natasha

Skill      XL: |  1  2  3 |
---------------+----------+-----
Throwing       | 2 |  2.0
Dodging        | 3 |  3.0
Staves         | 3 |  3.8
Armour         | 1 |  1.1
Stealth        | 1 |  1.0
Evocations     | 1 |  1.0
Fighting       | |  2.0

Action                     |  1- 3 |  4- 6 || total
---------------------------+-------+-------++-------
  Melee: Quarterstaff      |   102 |    11 ||   113
         Unarmed           |       |     4 ||     4
  Throw: Stone             |     1 |       ||     1
    Use: Potion            |       |     1 ||     1
 Armour: Leather armour    |     6 |       ||     6
         Ring mail         |    48 |    10 ||    58
         Skin              |       |     7 ||     7
  Dodge: Dodged            |    45 |    15 ||    60

Table legend: (Time is in decaauts)
 A = Elapsed time spent in this place.
 B = Non-inter-level travel time spent in this place.
 C = Inter-level travel time spent in this place.
 D = Time resting spent in this place.
 E = Time spent auto-exploring this place.
 F = Levels seen in this place.
 G = Mean time per level.
                   A        B        C        D        E       F      G
               +--------+--------+--------+--------+--------+-----+--------+
         Total |   2099 |   1777 |    322 |    186 |   1206 |   2 | 1049.5 |
       Dungeon |   2099 |   1777 |    322 |    186 |   1206 |   2 | 1049.5 |
               +--------+--------+--------+--------+--------+-----+--------+

Top non-repeatable levels by time:
     D:2: 1071 daAuts
     D:1: 1028 daAuts
